[Event "GrandPrix_29.05"]
[Site "Chess.com"]
[Date "2020.05.29"]
[Round "4"]
[White "sahidi"]
[Black "MilanovicDan"]
[Result "0-1"]
[WhiteElo "2073"]
[BlackElo "2366"]
[TimeControl "600+2"]
[EndTime "11:02:02 PDT"]
[Termination "MilanovicDan won on time"]

1. d4 Nf6 2. Nf3 c5 3. c3 Qc7 4. g3 g6 5. Bg2 Bg7 6. O-O O-O 7. dxc5 Qxc5 8. Be3 Qc7 9. h3 b6 10. Na3 Bb7 11.
Qa4 d6 12. Rfd1 Nbd7 13. Qh4 a6 14. Bh6 b5 15. Be3 Rfe8 16. Bh6 Bh8 17. Be3 Rac8 18. Bh6 Qb8 19. Rac1 Rc5 20. g4 Qa8 21. Nc2 a5 22. Ne3 Rec8 23. Nf5 Re8 24. Be3 gxf5 25. Bxc5 Nxc5 26.
Qg5+ Bg7 27. Qxf5 Be4 28. Qf4 Nd5 29. Qg3 b4 30. cxb4 axb4 31. Ng5 Bxg2 32. Qxg2 Nf4 33.
Qxa8 Rxa8 34. Kf1 h6 35. Nf3 Nxh3 36. Rc4 Rxa2 37. Rxb4 Rxb2 38. Rxb2 Bxb2 39. e3 Bf6 40.
Kg2 Ng5 41. Nh4 e6 42. f4 Nge4 43. Nf3 Kg7 44. Rb1 Nc3 45. Rb6 Nd1 46. Rxd6 Nxe3+ 47. Kh3 Ne4 48. Rd7 Nf2+ 49. Kg3 Nfxg4 50. Rb7 h5 51. Kh3 Nf5 52. Rb5 Nf2+ 53. Kg2 Nd3 54. Ne5 Nxf4+ 55. Kh1 Bxe5 56. Rxe5 Kf6 57. Ra5 e5 58. Ra4 e4 59.
Kh2 e3 60. Rxf4 Ke5 61. Rf1 Ke4 62. Kg2 Nh4+ 63. Kg3 Nf5+ 64. Kg2 h4 65. Ra1 Nd4 66. Kh3 e2 0-1

[Event "GrandPrix_29.05"]
[Site "Chess.com"]
[Date "2020.05.29"]
[Round "4"]
[White "ninullia"]
[Black "WildBizon"]
[Result "1-0"]
[WhiteElo "2404"]
[BlackElo "2052"]
[TimeControl "600+2"]
[EndTime "11:02:10 PDT"]
[Termination "ninullia won by resignation"]

1. d4 Nf6 2. c4 b6 3. Nf3 Bb7 4. g3 g6 5. Bg2 Bg7 6. O-O O-O 7. d5 Ne4 8. Qc2 f5 9. Ne1 e6 10. dxe6 dxe6 11. Nc3 Nd6 12. Bxb7 Nxb7 13. Ng2 Nc6 14. Rd1 Qf6 15. e3 Rad8 16. Bd2 Ne5 17. Be1 Nxc4 18.
Ne4 fxe4 19. Qxc4 Nc5 20. Rab1 Rxd1 21. Rxd1 Qxb2 22. Nf4 Qf6 23. Bb4 Re8 24. Bxc5 bxc5 25. Rd7 Bf8 26. Rxc7 g5 27. Qxe4 Qf5 28. Qxf5 exf5 29.
Nd5 Re6 30. Rxa7 Rc6 31. g4 fxg4 32. e4 c4 33. e5 Bc5 34. Rd7 h5 35. Kf1 Kf8 36.
a4 h4 37. a5 Ke8 38. Rb7 Kd8 39. Rg7 Bd4 40. Nb4 Rc7 41. Rxg5 c3 42. Nc2 Bc5 43. Rxg4 Be7 44. Ke2 Rc5 45. Rd4+ Kc7 46. f4 Rxa5 47. Rc4+ Kd7 48. Rxc3 Ke6 49. Ne3 Ra2+ 50. Rc2 Ra3 51. Rc6+ Kd7 52. Rc2 Bd8 53. f5 Bg5 54. Nc4 Rh3 55.
Nb6+ Ke7 56. Rc7+ Kd8 57. Rc8+ Ke7 58. Nd5+ Kd7 59. Nb6+ Ke7 60. f6+ Ke6 61. Re8+ Kf7 62.
Re7+ Kg6 63. Rg7+ Kh6 64. Rxg5 Rxh2+ 65. Ke3 Kxg5 66. f7 Rh3+ 67. Ke4 Rh1 68. f8=Q Re1+ 69. Kd5 Kg4 70. Qg7+ Kh3 71. Nc4 Rd1+ 72. Ke6 Rd3 73. Nd6 Kh2 74. Ne4 Rf3 75. Qg4 Rh3 76. Nf2 Rg3 77.
Qxh4+ Kg2 78. Qxg3+ Kxg3 79. Ne4+ 1-0

[Event "GrandPrix_29.05"]
[Site "Chess.com"]
[Date "2020.05.29"]
[Round "4"]
[White "wannabe2700"]
[Black "v-kazakouski"]
[Result "0-1"]
[WhiteElo "2163"]
[BlackElo "2450"]
[TimeControl "600+2"]
[EndTime "11:02:22 PDT"]
[Termination "v-kazakouski won on time"]

1. e4 c5 2. d4 cxd4 3. Nf3 a6 4. Be2 d5 5. exd5 Nf6 6. Nxd4 Nxd5 7. O-O e5 8. Nf3 Nc6 9. Bc4 Nb6 10. Qxd8+ Nxd8 11. Nxe5 f6 12. Be3 Nxc4 13. Nxc4 b5 14. Nb6 Rb8 15.
Nxc8 Rxc8 16. c3 Ne6 17. b4 Bd6 18. a4 Kf7 19. axb5 axb5 20. Ra5 Be5 21. Rc1 Rhd8 22. Kf1 Ra8 23. Rxb5 Ra1 24. Ra5 Rxa5 25. bxa5 Nc7 26. c4 Na6 27. Nd2 Rd3 28. Ke2 Ra3 29. Bb6 Ra2 30. g3 Nb4 31. c5 Nc6 32. f4 Bb2 33.
Rc4 Ke6 34. Nf3 Ba1+ 35. Kd1 Kd5 36. Rc2 Ra3 37. Rd2+ Kc4 38. Ne1 Bc3 39. Nc2 Rb3 40. a6 Bxd2 41. Kxd2 Rd3+ 42. Ke2 Rd7 43. Kf3 Kb5 44.
Ke4 Kxa6 45. Kf5 Rd2 46. Ne3 Rxh2 47. Nd5 Re2 48. Kg4 Kb7 49. Nc7 Re7 50. Nd5 Rd7 51. Ne3 g6 52. Nc4 Rd4 53. Ne3 Ne7 54. Ba5 Re4 55.
Kf3 f5 56. g4 Ra4 57. Bd8 Nc6 58. Bf6 fxg4+ 59. Kxg4 Re4 60. Nd5 Re6 61. Kg5 Kc8 62. Kh6 Nb4 63. Nxb4 Rxf6 64. Kxh7 Rxf4 65. Nd5 g5 66.
Kg6 Rg4 67. Kf5 Rg1 68. c6 g4 0-1

[Event "GrandPrix_29.05"]
[Site "Chess.com"]
[Date "2020.05.29"]
[Round "4"]
[White "GrishaTheChamp"]
[Black "NikolaGry"]
[Result "1/2-1/2"]
[WhiteElo "2202"]
[BlackElo "2026"]
[TimeControl "600+2"]
[EndTime "11:02:25 PDT"]
[Termination "Game drawn by repetition"]

1. d4 d5 2. c4 Nc6 3. Nf3 Bg4 4. cxd5 Bxf3 5. dxc6 Bxc6 6. Nc3 e6 7. e4 Bb4 8. f3 Qh4+ 9. g3 Qf6 10. Be3 O-O-O 11. Be2 Ne7 12. O-O Ba5 13. Qd2 Bb6 14. Rad1 Qg6 15. b4 h5 16. a4 h4 17. g4 f5 18.
a5 fxg4 19. fxg4 Bxd4 20. Bxd4 e5 21. Qe3 exd4 22. Rxd4 b6 23. axb6 axb6 24. Rc4 Kb8 25. Qf4 Qd6 26. Qxd6 Rxd6 27. Rf7 Ng6 28. Rf5 Re8 29. b5 Bd7 30. Rg5 Ne5 31. Rb4 g6 32. Rb1 Bc8 33. Rf1 Bb7 34. Kf2 Nf7 35. e5 Rxe5 36.
Rxe5 Nxe5 37. Ke3 Re6 38. Kd2 g5 39. Rf5 h3 40. Rxg5 Nf3+ 41. Bxf3 Bxf3 42. Rg8+ Kb7 43.
g5 Re5 44. g6 Rg5 45. g7 Bh5 46.
Ne4 Rg2+ 47. Ke3 Bf7 48. Rh8 Rxg7 49. Rxh3 Bc4 50. Nc3 Rg5 51. Kd4 Bxb5 52. Rg3 Rxg3 53. hxg3 Bd7 54. Nd5 c5+ 55. Kc3 Kc6 56. Nf6 Bc8 57.
g4 b5 58. g5 b4+ 59. Kb2 Be6 60. g6 c4 61. g7 c3+ 62. Kc1 b3 63. g8=Q Bxg8 64.
Nxg8 Kd5 65. Ne7+ Ke4 66. Nc6 Ke3 67. Nb4 Kd4 68. Nc2+ Kc4 69. Ne3+ Kb5 70. Nc2 Kc4 71. Ne3+ Kd3 72. Nc2 b2+ 73. Kb1 Kd2 74. Na3 Kd1 75.
Nc2 Kd2 76. Na3 Kd3 77. Nc2 Kd2 1/2-1/2

[Event "GrandPrix_29.05"]
[Site "Chess.com"]
[Date "2020.05.29"]
[Round "4"]
[White "AmilAbbasov"]
[Black "Velis23"]
[Result "1-0"]
[WhiteElo "2269"]
[BlackElo "2271"]
[TimeControl "600+2"]
[EndTime "11:02:26 PDT"]
[Termination "AmilAbbasov won on time"]

1. e4 c6 2. Nf3 d5 3. Nc3 dxe4 4. Nxe4 Nf6 5. Nxf6+ exf6 6. d4 Bd6 7. Bd3 O-O 8. O-O Bg4 9. h3 Bh5 10. c3 Bc7 11.
Be2 Re8 12. Re1 Qd6 13. g3 Qe6 14. Bf1 Qxe1 15. Qxe1 Rxe1 16. Nxe1 Nd7 17. g4 Bg6 18. Bd3 Re8 19. Be3 Nb6 20. Bxg6 hxg6 21. b3 Nd5 22.
Bd2 Re2 23. Nf3 Bf4 24. c4 Bxd2 25. cxd5 Bf4 26. dxc6 bxc6 27. Kf1 Rc2 28. Ne1 Rd2 29. Nf3 Rc2 30. Ne1 Rc3 31. Ke2 Kf8 32. Nd3 Rc2+ 33.
Kf3 Bd6 34. Rc1 Rxa2 35. Rxc6 Ke7 36. Ke3 Ra3 37. Nc1 g5 38. Ke4 Kd7 39. Rc4 Bf4 40. Nd3 Bd6 41. Ra4 Rxa4 42. bxa4 Kc6 43. Nc1 g6 44.
Nb3 Bb4 45. f3 Kd6 46. Nc1 Ba3 47. Ne2 Bb2 48. Kd3 Kd5 49. Nc3+ Kc6 50. Kc4 a6 51. Ne4 f5 52. Nxg5 fxg4 53. fxg4 f5 54. gxf5 gxf5 55. h4 Bc1 56. Nf3 Bh6 57. h5 f4 58. Nh4 Bg5 59.
Nf3 Bh6 60. Ne5+ Kc7 61. Kd5 Kb6 62. Ke4 Ka5 63. d5 Kb6 64. Nf7 Bg7 65. Kxf4 Kc5 66.
Ke4 a5 67. h6 Bf6 68. h7 Kb4 69. d6 Kc5 70. d7 Kc6 71. d8=Q Bxd8 72. Nxd8+ Kc5 73.
h8=Q 1-0

[Event "GrandPrix_29.05"]
[Site "Chess.com"]
[Date "2020.05.29"]
[Round "4"]
[White "Misi_95"]
[Black "BakaPG"]
[Result "0-1"]
[WhiteElo "2132"]
[BlackElo "2194"]
[TimeControl "600+2"]
[EndTime "11:02:34 PDT"]
[Termination "BakaPG won by resignation"]

1. e4 e6 2. d4 d5 3. Nc3 Nf6 4. Bg5 Be7 5. e5 Nfd7 6. Bxe7 Qxe7 7. f4 a6 8. Nf3 c5 9. dxc5 Nc6 10. Bd3 Qxc5 11.
Qd2 b5 12. Ne2 Nb6 13. Ned4 Nxd4 14. Nxd4 Nc4 15. Bxc4 dxc4 16. O-O-O O-O 17. Qe3 b4 18. Rhe1 c3 19. Nb3 cxb2+ 20. Kxb2 Qc6 21. Qc5 Qa4 22. Qa5 Bd7 23. Rd6 Rfc8 24. Red1 Qxa5 25. Nxa5 Ba4 26. Nc4 Bxc2 27. R1d2 Be4 28. Nb6 Bd5 29. Nxc8 Rxc8 30. Rxa6 h5 31. Rc2 Rb8 32. Rc7 b3 33. a4 Rb4 34. g3 Re4 35. Rb6 Re2+ 36. Kc1 Ra2 37. a5 Rxa5 38. Rb8+ Kh7 39. Rxf7 Ra1+ 40. Kb2 Ra2+ 41.
Kc3 Rxh2 42. Rff8 Rg2 43. f5 exf5 44. Kd4 Rd2+ 45. Ke3 Rg2 46. Kf4 b2 47. Rh8+ Kg6 48.
Rb6+ Kf7 49. Rhb8 h4 50. gxh4 g6 51. Rxb2 Rg4+ 52. Ke3 Rxh4 53. Rd8 Re4+ 54. Kd3 Ke6 55. Re8+ Kd7 56. Rbb8 Bc6 57. e6+ Kd6 58. Rbd8+ Kc7 59. Rc8+ Kd6 60. Red8+ Kc5 61. Re8 Kd6 62. e7 Bxe8 63.
Rxe8 Rxe7 64. Ra8 Ke5 65. Ke3 Kf6+ 66. Kf3 g5 67. Ra6+ Re6 68. Ra8 g4+ 69. Kf4 Re4+ 70. Kg3 Re3+ 71. Kf2 Rb3 72. Rg8 Ke5 73. Ra8 Kf4 74.
Ra4+ Kg5 75. Ra8 Rb2+ 76. Ke3 f4+ 77. Ke4 Re2+ 78. Kd3 Re7 79. Rg8+ Kh4 0-1

[Event "GrandPrix_29.05"]
[Site "Chess.com"]
[Date "2020.05.29"]
[Round "4"]
[White "Hero_in_my_life"]
[Black "imdvb6307"]
[Result "1/2-1/2"]
[WhiteElo "2159"]
[BlackElo "2080"]
[TimeControl "600+2"]
[EndTime "11:02:34 PDT"]
[Termination "Game drawn by stalemate"]

1. e4 Nc6 2. Nc3 e5 3. Nf3 Nf6 4. a3 d6 5. d4 Be7 6. Be2 O-O 7.
O-O Bg4 8. Be3 Bxf3 9. Bxf3 exd4 10. Bxd4 Nxd4 11. Qxd4 c6 12. Rfe1 Qb6 13. Qxb6 axb6 14.
e5 dxe5 15. Rxe5 Bd6 16. Re2 Rfe8 17. Rae1 Rxe2 18. Rxe2 b5 19. g3 Kf8 20. Rd2 Be5 21.
Nd1 Ke7 22. c3 Nd7 23. Kg2 Nb6 24. Re2 Kd6 25. Be4 g6 26. f4 Bg7 27. f5 Re8 28. Rd2+ Kc7 29. Bd3 Rd8 30. Nf2 Re8 31. fxg6 hxg6 32.
Re2 Rxe2 33. Bxe2 Na4 34. Nd3 c5 35. Bd1 Kd6 36. Kf2 c4 37. Bxa4 bxa4 38. Nf4 Ke5 39. Kf3 g5 40. Nh5 Bh6 41. g4 Bf8 42. Ng3 f6 43. Nf5 Bc5 44. h4 gxh4 45. Nxh4 b5 46. Ng6+ Ke6 47. Ke4 Bf2 48. Nf4+ Kd6 49. Nd5 Bh4 50.
Ne3 Bg5 51. Nf5+ Kc5 52. Ne3 Kc6 53. Kd4 Bh6 54. Nd5 Bc1 55. Nxf6 Bxb2 56. g5 b4 57. axb4 a3 58. g6 a2 59. g7 a1=Q 60. g8=Q Bxc3+ 61. Kxc4 Qa2+ 62. Kxc3 Qa1+ 63. Kc4 Qxf6 64. Qd5+ Kb6 65. Qc5+ Kb7 66. Qb5+ Kc7 67. Kb3 Qa1 68. Qc5+ Kb7 69.
Qd5+ Kb6 70. Qe6+ Kb7 71. Qe7+ Kb6 72. Qc5+ Kb7 73. Kc4 Qf1+ 74. Kd4 Qf2+ 75. Kd5 Qxc5+ 76. Kxc5 Kc7 77. Kb5 Kb7 78. Ka5 Ka7 79. b5 Kb7 80. b6 Kb8 81. Kb5 Kb7 82. Kc5 Kb8 83. Kc4 Kb7 84. Kb5 Kb8 85. Kc6 Kc8 86. b7+ Kb8 87. Kb6 1/2-1/2

[Event "GrandPrix_29.05"]
[Site "Chess.com"]
[Date "2020.05.29"]
[Round "4"]
[White "Malysch"]
[Black "AbasovN"]
[Result "1-0"]
[WhiteElo "2317"]
[BlackElo "2259"]
[TimeControl "600+2"]
[EndTime "11:02:36 PDT"]
[Termination "Malysch won by resignation"]

1. d4 Nf6 2. c4 e6 3. g3 d5 4.
Bg2 dxc4 5. Nf3 a6 6. Ne5 Bb4+ 7.
Nc3 Nd5 8. Bd2 b5 9. O-O Be7 10. e4 Nxc3 11. bxc3 O-O 12. a4 Bb7 13. Qb1 Nd7 14. Nxc4 Rb8 15. axb5 axb5 16. Ra7 Ba8 17. Na5 e5 18. Be3 exd4 19. cxd4 c5 20. e5 cxd4 21.
Bxa8 dxe3 22. Nc6 Qe8 23. Nxb8 exf2+ 24. Kg2 Qxb8 25. Rxd7 Qxa8+ 26. Kh3 Bc5 27. Qf5 Qe8 28. Rfd1 b4 29. Kg2 Qa8+ 30. Kh3 Qe8 31. Kg2 h6 32.
Rc7 Bb6 33. Rb7 Qc6+ 34. Qf3 Qc5 35. Rdd7 f1=Q+ 36. Qxf1 Qc2+ 37. Kh3 Qg6 38. Qf4 Bc5 39.
Qg4 Qxg4+ 40. Kxg4 g6 41. Kf3 h5 42. Ke4 Bg1 43.
e6 Re8 44. Rxf7 Rxe6+ 45. Kd5 Rb6 46. Rg7+ Kf8 47. Rxb6 Bxb6 48. Rxg6 Bd8 49. Kc4 Be7 50. Rh6 h4 51. gxh4 Kg7 52. Rh5 Kg6 53. Re5 Bf8 54.
h5+ Kh6 55. Rb5 Be7 56. Kd3 Bg5 57. Rxb4 Kxh5 58. Ke2 Be7 59. Ra4 Bd6 60. h3 Bb8 61. Kf3 Bc7 62. Rc4 Bd6 63. Kg2 Bb8 64. h4 Bd6 65. Kh3 Be7 66. Ra4 Bd8 67. Rd4 Bf6 68. Rd5+ Kg6 69. Kg4 Bb2 70. Rd6+ Kh7 71. Rb6 Bc1 72.
Ra6 Bd2 73. Kh5 Be3 74. Re6 Bf2 75. Re7+ Kg8 76. Kg6 Kf8 77. Rf7+ 1-0

[Event "GrandPrix_29.05"]
[Site "Chess.com"]
[Date "2020.05.29"]
[Round "4"]
[White "Olga_Girya"]
[Black "GadimbayliA"]
[Result "1/2-1/2"]
[WhiteElo "2359"]
[BlackElo "2510"]
[TimeControl "600+2"]
[EndTime "11:02:55 PDT"]
[Termination "Game drawn by agreement"]

1. d4 d5 2. c4 e5 3. dxe5 d4 4. Nf3 Nc6 5. a3 Nge7 6. b4 Ng6 7.
Bb2 a5 8. b5 Ncxe5 9. Nxe5 Nxe5 10. Qxd4 Qxd4 11. Bxd4 Nxc4 12. e3 Be6 13. a4 Bb4+ 14.
Nc3 O-O-O 15. O-O-O f6 16. Be2 Rd7 17. Na2 Ba3+ 18.
Kc2 Rhd8 19. Nc1 Bb4 20. Nd3 Bf8 21. Nf4 Bf5+ 22. Kb3 Ne5 23. f3 Ng6 24. Nxg6 Bxg6 25. Bc3 b6 26. Rxd7 Rxd7 27. Rd1 Bf7+ 28. Kc2 Rxd1 29.
Bxd1 Bc4 30. f4 Bc5 31. Kd2 Bd5 32. g3 Kd7 33. Bc2 h6 34. Bf5+ Kd6 35. Bc2 Bc4 36. Bd1 c6 37. bxc6 Kxc6 38. Bf3+ Kd6 39. Kc2 Bf7 40. e4 Bg1 41. e5+ Ke7 42. exf6+ gxf6 43. h3 Be8 44. Kb3 Bf7+ 45. Kc2 Be8 46. Kb3 Bf2 47.
g4 Be3 48. f5 Bf4 49. Bd5 Kd6 50. Bg8 Be5 51. Bd2 h5 52. gxh5 Bxh5 53. Bc4 Bd1+ 54. Ka3 Kc5 55. Bb3 Be2 56. Be3+ Kc6 57. Bc2 Bf3 58. h4 b5 59. axb5+ Kxb5 60. Bd3+ Kc6 61. Bd2 Bc7 62. Bc3 Bd8 63. Ka4 Kc5 64. Bc2 Kc4 65.
Bd2 Bc6+ 66. Ka3 Be7+ 67. Kb2 a4 68. h5 a3+ 69. Ka2 Bf8 70. h6 Kd4 71. Bb3 Be4 72.
h7 Bg7 73. Bh6 Bh8 74. Be6 Ke5 75. Kxa3 Bxf5 76. Bxf5 Kxf5 77. Kb3 Kg6 78. Bf4 Kxh7 79. Kc2 Kg6 80. Kd3 f5 81. Ke2 Bf6 82. Kf3 Bg5 83.
Bxg5 1/2-1/2

[Event "GrandPrix_29.05"]
[Site "Chess.com"]
[Date "2020.05.29"]
[Round "4"]
[White "sergiochess83"]
[Black "etserga"]
[Result "1-0"]
[WhiteElo "2696"]
[BlackElo "2309"]
[TimeControl "600+2"]
[EndTime "11:03:05 PDT"]
[Termination "sergiochess83 won by resignation"]

1. e4 c6 2. d4 d5 3. e5 Bf5 4. Nf3 e6 5. Be2 Ne7 6. O-O Nc8 7. a4 Be7 8. Nbd2 Nd7 9. c3 O-O 10. a5 c5 11. Re1 a6 12. Nf1 Na7 13. Ng3 Bg6 14.
dxc5 Bxc5 15. Bd3 Nc6 16. b4 Ba7 17. Ra2 Qc7 18. Rae2 Rac8 19. h4 d4 20. Bxg6 fxg6 21. Nxd4 Bxd4 22. cxd4 Nxb4 23. Ba3 Qc4 24. Qa4 Nc2 25.
Qxd7 Nxa3 26. Qxb7 Nb5 27. Qxa6 Ra8 28. Qb6 Rfb8 29.
Qc5 Qxd4 30. Ne4 Rxa5 31. Rb1 Qd3 32. Ree1 Rba8 33. Rbd1 Qb3 34. Rd7 R5a7 35. Rxa7 Nxa7 36. Ra1 Qb2 37. Qc3 Qxc3 38. Nxc3 Rc8 39. Ne4 Nc6 40. f4 Nd4 41. g3 h6 42. Kf2 Rc2+ 43. Ke3 Nf5+ 44. Kf3 Rb2 45. Ra3 Rb1 46. Nc5 Nd4+ 47. Ke4 Nf5 48. Nxe6 Re1+ 49. Kf3 h5 50. Ng5 Kf8 51.
Ra8+ Ke7 52. Ra7+ Ke8 53. Ra3 Nd4+ 54. Kf2 Re2+ 55. Kf1 Rb2 56. Ne4 Nf5 57. Ra6 Ne3+ 58. Ke1 Rc2 59. Rxg6 Kf7 60. Rd6 Ng2+ 61. Kf1 Ne3+ 62.
Kg1 Rg2+ 63. Kh1 Re2 64. Ng5+ Ke7 65. Rd3 Ng4 66. Kg1 Re1+ 67. Kg2 Re2+ 68. Kf3 Ra2 69.
e6 Nh2+ 70. Ke4 Ng4 71. Kf5 Re2 72. Rd7+ Ke8 73. Rxg7 Re3 74. Ra7 Rxg3 75. Ne4 Nh6+ 76. Ke5 Re3 77. Ra8+ Ke7 78. Ra7+ Ke8 79. f5 Ng4+ 80.
Kf4 Re1 81. f6 Rxe4+ 82. Kxe4 Nxf6+ 83. Kf5 Nd5 84. Kg5 Kf8 85. Rf7+ Ke8 86. Kxh5 Ne3 87.
Kg5 1-0

[Event "GrandPrix_29.05"]
[Site "Chess.com"]
[Date "2020.05.29"]
[Round "4"]
[White "DaggiGretarsson"]
[Black "VMikhalevski"]
[Result "0-1"]
[WhiteElo "2142"]
[BlackElo "2450"]
[TimeControl "600+2"]
[EndTime "11:03:33 PDT"]
[Termination "VMikhalevski won on time"]

1. c4 Nf6 2. Nc3 d5 3. cxd5 Nxd5 4. Qa4+ Nc6 5. Nf3 Nb6 6. Qc2 e5 7. e3 Bd6 8. a3 O-O 9. b4 Re8 10. d3 Bf5 11. Be2 Qd7 12. O-O Rad8 13. Ne4 a5 14. Nc5 Qc8 15. bxa5 Nxa5 16. Bd2 Nc6 17. Ne4 Bf8 18.
Rfb1 Bg6 19. a4 Nd5 20. a5 Ncb4 21. Qc4 c5 22. Rc1 Na6 23. Nh4 Qe6 24. Nxg6 hxg6 25. Rab1 Ndb4 26. Rb3 Rd7 27. g4 Qxc4 28. Rxc4 Red8 29.
Bxb4 cxb4 30. Rc2 Rd5 31. Ra2 Rc8 32. Nd2 Rc3 33. Rb1 Rdc5 34. Kg2 Rc2 35. Rbb2 Rxb2 36.
Rxb2 Rxa5 37. Nc4 Rc5 38. d4 exd4 39. exd4 Rd5 40. Rd2 Rd8 41. Na5 Nc5 42. Bf3 Ne6 43. Nb3 Nf4+ 44. Kf1 b6 45. d5 Bd6 46. Rd4 Rc8 47. Bd1 Rc3 48. h4 Rh3 49. Ke1 Rxh4 50.
Kd2 Rh2 51. Ke3 g5 52. Bf3 Kf8 53. Rd2 Rh3 54. Ke4 g6 55. Nd4 Ke7 56. Ra2 Rh8 57.
Ra7+ Kf6 58. Nc6 Re8+ 59. Kd4 Re1 60. Kc4 Rf1 61. Nd8 Be7 62. Nc6 Bc5 63. Nd8 Rxf2 64. Rxf7+ Ke5 65. Nc6+ Kd6 66. Rf6+ Kd7 67. Ne5+ Ke7 68.
Rf7+ Kd6 69. Nd7 Rxf3 70. Nf6 Rc3+ 71. Kb5 b3 72. Ne4+ Kxd5 73. Nxc3+ Kd4 74. Nb1 b2 75.
Rd7+ Ke3 76. Rd2 Nd3 77. Kc4 Ne5+ 78. Kd5 Nxg4 79. Rxb2 Nf6+ 80. Ke6 Ne4 81. Rb3+ Kd4 82. Na3 Bxa3 83. Rxa3 g4 84. Kf7 g5 85. Kg6 g3 86.
Ra1 Ke3 87. Kf5 g2 0-1

[Event "GrandPrix_29.05"]
[Site "Chess.com"]
[Date "2020.05.29"]
[Round "4"]
[White "A_N_D-R_E_I"]
[Black "EvgenyRomanov"]
[Result "1/2-1/2"]
[WhiteElo "2039"]
[BlackElo "1895"]
[TimeControl "600+2"]
[EndTime "11:03:53 PDT"]
[Termination "Game drawn - insufficient material"]

1. e4 c6 2. d4 d5 3. Nd2 dxe4 4. Nxe4 Nf6 5. Nxf6+ exf6 6. c3 Bd6 7. Bd3 Qc7 8.
Ne2 h5 9. h3 Nd7 10. Qc2 Nf8 11. Be3 Be6 12. c4 Bd7 13. O-O-O Ne6 14. g3 O-O-O 15.
Nc3 h4 16. c5 Bf8 17. g4 Nf4 18. Be4 Be6 19. Kb1 Nd5 20. Bc1 g6 21. Rhf1 Bg7 22.
f4 Qa5 23. a3 Rhe8 24. Rfe1 Nxc3+ 25. Qxc3 Qxc3 26. bxc3 Bb3 27. Rd2 Rd7 28. Rde2 Kd8 29. Bf3 Rxe2 30. Rxe2 Bc4 31. Re1 f5 32. gxf5 Bd3+ 33.
Kb2 Bxf5 34. Bg4 Rd5 35. Be3 Bf6 36. Kb3 Be7 37. c4 Rd7 38. Bxf5 gxf5 39. Rd1 Bf6 40. d5 cxd5 41. cxd5 Re7 42. Rd3 Re4 43. Kc2 Kd7 44. Kd2 Ra4 45. Kc2 Kc7 46. Kb3 Re4 47. Kc2 Bg7 48. Bd2 Bf6 49. Be3 Kd7 50. Kd2 Rc4 51. Rb3 Kc7 52. Kd3 Ra4 53. d6+ Kc6 54. d7 Bd8 55. Bd4 f6 56. Be3 Re4 57. Rb2 Re7 58. Ke2 Rxd7 59. Kf3 Be7 60. Rc2 Rd3 61. a4 Kd5 62.
Ke2 Ra3 63. Rd2+ Kc6 64. Bf2 Rxa4 65. Bxh4 Rxf4 66. Bg3 Re4+ 67. Kf3 Rc4 68. Re2 Bxc5 69. Re6+ Kd5 70. Rxf6 Rc3+ 71. Kg2 Rc2+ 72. Kf3 Rc3+ 73. Kg2 Ke4 74. Re6+ Kd3 75. Re5 Bd4 76. Rxf5 Ke2 77.
Rf7 b5 78. Rd7 Be3 79. Rb7 a6 80. h4 Rc5 81. Re7 Rc3 82. Re6 a5 83. Re5 Rb3 84. h5 a4 85. h6 a3 86. h7 a2 87. h8=Q a1=Q 88. Qh5+ Kd2 89. Rd5+ Rd3 90. Rxd3+ Kxd3 91. Qxb5+ Ke4 92. Qe8+ Kd3 93. Qg6+ Kd2 94. Qd6+ Qd4 95. Qxd4+ Bxd4 1/2-1/2

[Event "GrandPrix_29.05"]
[Site "Chess.com"]
[Date "2020.05.29"]
[Round "4"]
[White "Ward-Tsh"]
[Black "LazovT"]
[Result "1/2-1/2"]
[WhiteElo "2175"]
[BlackElo "2103"]
[TimeControl "600+2"]
[EndTime "11:04:02 PDT"]
[Termination "Game drawn - insufficient material"]

1. e4 c5 2. Nf3 d6 3. d4 Nf6 4.
Nc3 cxd4 5. Nxd4 a6 6. h3 e5 7. Nde2 b5 8. g4 b4 9. Nd5 Nxd5 10. Qxd5 Ra7 11. Be3 Be6 12. Qd3 Rb7 13. Bg2 Be7 14.
O-O h5 15. f4 hxg4 16. f5 Bd7 17. hxg4 Bb5 18. Qd2 Bxe2 19. Qxe2 Bg5 20. Rf3 Bxe3+ 21.
Qxe3 Qb6 22. Rd1 Rh4 23. Qxb6 Rxb6 24. Rfd3 Ke7 25. g5 Nd7 26. Bf3 Nc5 27. Re3 Na4 28. Rb3 a5 29. Kg2 Nc5 30. Re3 Rb8 31. f6+ gxf6 32.
gxf6+ Kxf6 33. Kg3 Kg5 34. Rxd6 Ne6 35. Re1 Rbh8 36.
Rg1 Rh2 37. Bg2 Nd4 38. Kf2 f5 39.
exf5 Nxf5 40. Rd5 Kf4 41. Re1 Nh4 42. Re4+ Kf5 43. Rexe5+ Kf6 44. Rg5 Nxg2 45. Rxg2 Rxg2+ 46. Kxg2 Rc8 47. Rd2 Kf5 48. Kf3 Ke5 49. Ke3 Rg8 50.
Rh2 Rg3+ 51. Kd2 Rg5 52. c4 Kd4 53. b3 Rg4 54. Kc2 a4 55. Rd2+ Kc5 56. Rd5+ Kc6 57. Rb5 Rg2+ 58. Kb1 Rg1+ 59. Kc2 Rg2+ 60. Kd3 Rxa2 61.
Rxb4 axb3 62. Rxb3 Rh2 63. Rb8 Rh3+ 64. Kd4 Rh4+ 65.
Kc3 Rh3+ 66. Kb4 Rh1 67. Rc8+ Kb6 68. Rg8 Rb1+ 69. Kc3 Kc5 70. Rc8+ Kd6 71. Rd8+ Kc5 72. Rd5+ Kc6 73. Rh5 Rg1 74. Kd3 Rd1+ 75. Kc2 Rg1 76. Rf5 Rh1 77. Ra5 Rh2+ 78. Kc3 Rh1 79. Ra6+ Kc5 80. Ra5+ Kc6 81. Rg5 Rc1+ 82. Kb3 Rb1+ 83. Kc2 Rh1 84. Rg8 Kc5 85. Rc8+ Kd4 86. Kb3 Rb1+ 87.
Ka4 Rc1 88. Kb5 Rb1+ 89. Ka5 Ra1+ 90. Kb4 Rb1+ 91. Ka3 Rc1 92. Kb3 Rb1+ 93. Kc2 Rb4 94. c5 Rc4+ 95. Kd2 Rxc5 96. Rxc5 Kxc5 1/2-1/2

[Event "GrandPrix_29.05"]
[Site "Chess.com"]
[Date "2020.05.29"]
[Round "4"]
[White "AnotherGrumpy"]
[Black "chess_big_master"]
[Result "0-1"]
[WhiteElo "1667"]
[BlackElo "2044"]
[TimeControl "600+2"]
[EndTime "11:04:07 PDT"]
[Termination "chess_big_master won by resignation"]

1. d4 d5 2. c4 e6 3. Nf3 Nf6 4.
Nc3 Bb4 5. Bg5 dxc4 6. e4 c5 7. Bxc4 cxd4 8. Nxd4 Qa5 9. Bxf6 Bxc3+ 10. bxc3 Qxc3+ 11. Kf1 gxf6 12. Rc1 Qa5 13. h4 Ke7 14.
Rh3 Rd8 15. Rd3 Nc6 16. Bb3 Bd7 17. Kg1 Nxd4 18. Rxd4 Bc6 19. Rxd8 Rxd8 20. Qf3 Qe5 21. Re1 f5 22. Qh5 Bxe4 23. Qg5+ Qf6 24. Qc1 Kf8 25. Re3 Bc6 26. Rg3 Qxh4 27. Qc5+ Ke8 28. Qxa7 Qd4 29. Qa3 Qa1+ 30. Kh2 Qe5 31. Qb4 Rd4 32. Qc3 Rh4+ 33.
Kg1 Qxc3 34. Rxc3 Rg4 35. f3 Rd4 36. Rc2 Ke7 37. Kf2 f4 38. Re2 Kf6 39. Rb2 h5 40.
Kg1 Kg5 41. Kh2 Rd7 42. Re2 Kf6 43. Rc2 Bd5 44. Ba4 Rd8 45. Rc7 Rd6 46. Be8 Ra6 47. Rxf7+ Ke5 48. a4 Bb3 49. Rxb7 Bxa4 50. Bxh5 Bc6 51.
Rg7 Ra2 52. Rg5+ Kd4 53. Bf7 Bd5 54. Kh3 Re2 55. Rg8 Ke3 56. Rb8 Kf2 57. Rb4 Ke3 58.
Bg6 Re1 59. Be4 Kf2 60. Rb2+ Ke3 61. Bg6 Rh1+ 62. Kg4 Rh8 63. Rb1 Rg8 64. Kg5 Kf2 65. Rb2+ Kg3 66. Kf6 Bc4 67. Bf7 Rh8 68. Rc2 Bf1 69. Bxe6 Bxg2 70. Bd5 Rd8 71. Ke5 Re8+ 72. Kd4 Re3 73. Rc3 Rxc3 74. Kxc3 Bxf3 75. Bc4 Kf2 76.
Kd2 Be4 77. Be6 Bf3 78. Bc4 Kg1 79. Ke1 Be4 80. Be2 Kg2 81. Bd1 Bf3 82. Bc2 Bg4 83. Be4+ Kg1 84. Bd5 Bh3 85. Be4 Bg2 86. Bd3 f3 87.
Kd2 f2 88. Ke3 Bf1 89. Bf5 Ba6 90. Bh3 Bc8 91. Bxc8 f1=Q 92. Bg4 Qf2+ 93. Ke4 Kg2 94. Bf5 Kg3 95. Ke5 Qf4+ 96. Ke6 Kh4 97. Bg6 Kg5 0-1

[Event "GrandPrix_29.05"]
[Site "Chess.com"]
[Date "2020.05.29"]
[Round "4"]
[White "VerdeNotte"]
[Black "KuzubovYuriy"]
[Result "1/2-1/2"]
[WhiteElo "2629"]
[BlackElo "2536"]
[TimeControl "600+2"]
[EndTime "11:04:44 PDT"]
[Termination "Game drawn by agreement"]

1. e4 e5 2. Nf3 Nf6 3. d4 Nxe4 4. Bd3 d5 5. Nxe5 Nd7 6. Nxd7 Bxd7 7. Nc3 Nxc3 8.
bxc3 Bd6 9. Qh5 Qe7+ 10. Be3 Be6 11. O-O O-O-O 12. Rab1 Kb8 13. Rfe1 g6 14. Qh6 Qf8 15. a4 Qxh6 16. Bxh6 Bd7 17. a5 Rhe8 18. Rxe8 Rxe8 19. c4 dxc4 20. Bxc4 f5 21. Bd5 c6 22. Bf3 Bb4 23. a6 Re1+ 24. Rxe1 Bxe1 25. Bf4+ Kc8 26. d5 Bc3 27. dxc6 Bxc6 28. Bxc6 bxc6 29. Be3 Kb8 30. h3 Ba5 31. g4 Bb6 32. gxf5 Bxe3 33. fxe3 gxf5 34.
Kf2 Kc7 35. Kf3 Kb6 36. Kf4 Kxa6 37. Kxf5 Kb7 38. e4 a5 39. e5 a4 40. e6 a3 41.
e7 a2 42. e8=Q a1=Q 43. Qe7+ Kb6 44. Qxh7 Qc3 45. Ke6 Qe3+ 46. Kd7 Qd4+ 47. Kc8 Qf6 48. Qc7+ Kc5 49. Qa5+ Kc4 50. Qa4+ Kc5 51. Qa3+ Kc4 52. Qd3+ Kc5 53. Qe3+ Kc4 54. Qd3+ Kc5 55. Qe3+ Kc4 56. Qb3+ Kc5 57. Kb7 Qg7+ 58. Ka8 Qa1+ 59. Kb8 Qh8+ 60. Ka7 Qa1+ 61. Kb7 Qg7+ 62. Kc8 Qh8+ 63. Kd7 Qg7+ 64.
Ke8 Qg6+ 65. Ke7 Qg5+ 66. Kf8 Qd8+ 67. Kf7 Qd7+ 68. Kf6 Qd8+ 69. Kf5 Qf8+ 70. Ke4 Qe7+ 71. Kf3 Qf6+ 72. Ke2 Qg6 73. Qe3+ Kb4 74. Qd4+ Ka5 75. Qc5+ Ka6 76. Kd2 Qh6+ 77. Qe3 Qf6 78. Qa3+ Kb7 79.
Qb3+ Ka6 80. Qc3 Qg5+ 81. Qe3 Qg2+ 82. Kc3 Qg7+ 83. Kb3 Qf7+ 84. Kb2 Qf6+ 85. Qc3 Qh6 86. Qc4+ Kb7 87. h4 Qf6+ 88. Kb3 Qf3+ 89. Ka2 Qd1 90. Qd3 Qg4 91. Qb3+ Kc7 92. Qf7+ Kb6 93. Qf6 Qa4+ 94. Kb1 Qg4 95. Qg5 Qd1+ 96. Kb2 Qd4+ 97. c3 Qf2+ 98. Kb3 Qe1 99. Kc2 Qf2+ 100. Kd3 Qf1+ 101. Kd4 Qd1+ 102. Kc4 Qf1+ 103. Kb3 Qb1+ 104. Kc4 Qe4+ 105. Kb3 Qb1+ 106. Ka3 Qa1+ 107. Kb4 Qb1+ 108. Ka4 Qa2+ 109. Kb4 Qb1+ 110. Kc4 Qe4+ 111. Kb3 1/2-1/2